 Dungeon Crawl Stone Soup version 0.29.0-15-g675c0067aa (webtiles) character file.

Game seed: 10813086623502237284

423 qw the Cleaver (level 6, -1/56 HPs)
             Began as a Minotaur Berserker on Sept 11, 2022.
             Was a Priest of Trog.
             Succumbed to an adder's poison
             ... on level 4 of the Dungeon.
             The game lasted 00:01:06 (2948 turns).

qw the Cleaver (Minotaur Berserker)                 Turns: 2948, Time: 00:01:07

Health: -1/56      AC:  6    Str: 23    XL:     6   Next: 63%
Magic:  5/5        EV: 10    Int:  4    God:    Trog [***...]
Gold:   92         SH:  0    Dex: 10    Spells: 5/5 levels left

rFire   + + .      SeeInvis .   Y - +2 hand axe
rCold   + . .      Faith    .   (no shield)
rNeg    . . .      Spirit   .   h - +0 scale mail
rPois   .          Reflect  .   (helmet restricted)
rElec   .          Harm     .   f - scarf {rC+ rF+}
rCorr   +          Rampage  .   (no gloves)
Will    .....                   (no boots)
Stlth   ..........              (no amulet)
HPRegen 0.18/turn               a - ring of protection from fire
MPRegen 0.09/turn               c - ring of resist corrosion

@: lethally poisoned (-1 -> -5), on berserk cooldown, slowed, very slow
A: horns 2, retaliatory headbutt
a: Renounce Religion, Berserk, Trog's Hand


You were on level 4 of the Dungeon.
You worshipped Trog.
Trog was most pleased with you.
You visited 1 branch of the dungeon, and saw 4 of its levels.

You collected 180 gold pieces.
You spent 88 gold pieces at shops.


Innate Abilities, Weirdness & Mutations

You have a pair of horns on your head.
You reflexively headbutt those who attack you in melee.


   Skills:
 - Level 5.2 Fighting
 + Level 8.2 Axes
 - Level 2.4 Armour
 - Level 2.1 Dodging


You had 5 spell levels left.
You didn't know any spells.
Your spell library was empty.

Inventory:

Hand Weapons
 d - a +0 morningstar of protection
 Y - a +2 hand axe (weapon)
Missiles
 b - 2 boomerangs (quivered)
Armour
 f - a scarf of resistance (worn)
 h - a +0 scale mail (worn)
 j - a +0 cloak
 l - a +0 plate armour
Jewellery
 a - a ring of protection from fire (left hand)
 c - a ring of resist corrosion (right hand)
Scrolls
 g - 3 scrolls of identify
 k - a scroll of noise {unknown}
Potions
 e - 2 potions of curing
 i - 2 potions of mutation

Dungeon Overview and Level Annotations

Branches:
Dungeon (4/15)
 Temple: D:4-7

Altars:
Qazlal
Yredelemnul

Shops:
D:2 ?

Annotations:
D:3 1 runed translucent door, Crazy Yiuf


Message History

Items here: %% )) [.
You slash the orc priest!
The orc priest is almost dead.
The orc priest invokes the aid of Beogh against you.
Pain shoots through your body!
You hit the orc priest but do no damage.
The orc priest is almost dead.
An adder comes into view.
The adder hisses angrily.
You hit the orc priest.
The orc priest is almost dead.
The orc priest calls down the wrath of Beogh upon you.
Beogh smites you!
A goblin comes into view. It is wielding a +0 dagger.
You barely miss the orc priest. You headbutt the orc priest.
You kill the orc priest!
Trog accepts your kill.
You closely miss the ball python. You slash the ball python!
You kill the ball python!
Trog accepts your kill.
The kobold throws a stone.
The stone barely misses you.
You are no longer berserk.
You are exhausted.
You feel yourself slow down.
The kobold throws a stone.
The stone barely misses you.
Things that are here:
a +0 whip; a +0 scale mail; a fizzy purple potion You closely miss the adder.
You hit the goblin.
You kill the goblin!
Trog accepts your kill. The adder bites you but does no damage.
The adder bites you.
You are lethally poisoned!
The adder poisons you!
You hit the adder. You headbutt the adder.
The adder is almost dead.
You hit the kobold.
You kill the kobold!
Trog accepts your kill.
You die...

##.#### # ...# .#
#......... ...######..#
#......... #.........#
#......... ##.....####
#.......# ##)....#
#....... .......#
#.....# ##.....#####
##.S).?# ###........#
#..@)..###
...........###))........
###........##..######.#.
#.......%##.###
#.............#
#..................
#.....##......#####
..#............##
....##........#


You could see an adder.

Vanquished Creatures
  A wyvern (D:4)
  An orc warrior (D:4)
  An orc priest (D:4)
  Terence (D:3)
  2 adders (D:3)
  2 worms (D:2)
  8 dart slugs
  6 orcs (D:4)
  8 bats
  4 endoplasms
  6 giant cockroaches
  8 goblins
  7 hobgoblins
  4 jackals (D:3)
  3 quokkas
  8 ball pythons
  6 frilled lizards
  8 kobolds
  7 rats
91 creatures vanquished.

Vanquished Creatures (others)
  5 fungi (D:4)
  3 plants (D:4)
8 creatures vanquished.

Grand Total: 99 creatures vanquished

Notes
Turn   | Place    | Note
-------+----------+-------------------------------------------
     0 | D:1      | qw the Minotaur Berserker began the quest for the Orb.
     0 | D:1      | Reached XP level 1. HP: 19/19 MP: 0/0
     0 | D:1      | 0 ||| qw: Version: 0.1-a-119-g272c26d
     0 | D:1      | 0 ||| qw: Game counter: 10687
     0 | D:1      | 0 ||| qw: Always use a shield: true
     0 | D:1      | 0 ||| qw: Do Orc after D:15 true
     0 | D:1      | 0 ||| qw: Do second Lair branch before Depths: true
     0 | D:1      | 0 ||| qw: Lair rune preference: random
     0 | D:1      | 0 ||| qw: Plans: Normal
     0 | D:1      | 0 ||| PLANNING D:1-11
   111 | D:1      | Reached skill level 4 in Axes
   146 | D:1      | Reached XP level 2. HP: 26/26 MP: 1/1
   443 | D:1      | 443 ||| Stepping ~*~*~tactically~*~*~ (stealth).
   444 | D:1      | 444 ||| Stepping ~*~*~tactically~*~*~ (stealth).
   466 | D:1      | 466 ||| Stepping ~*~*~tactically~*~*~ (stealth).
   470 | D:1      | 470 ||| Stepping ~*~*~tactically~*~*~ (stealth).
   477 | D:1      | 477 ||| Stepping ~*~*~tactically~*~*~ (stealth).
   480 | D:1      | 480 ||| Stepping ~*~*~tactically~*~*~ (stealth).
   481 | D:1      | 481 ||| Stepping ~*~*~tactically~*~*~ (stealth).
   485 | D:1      | 485 ||| Stepping ~*~*~tactically~*~*~ (stealth).
   502 | D:1      | 502 ||| Stepping ~*~*~tactically~*~*~ (stealth).
   550 | D:1      | 550 ||| Stepping ~*~*~tactically~*~*~ (stealth).
   573 | D:1      | 573 ||| Stepping ~*~*~tactically~*~*~ (hiding).
   584 | D:1      | Reached skill level 5 in Axes
   586 | D:1      | 586 ||| Stepping ~*~*~tactically~*~*~ (stealth).
   599 | D:1      | Reached XP level 3. HP: 31/31 MP: 2/2
   740 | D:1      | Reached ** piety under Trog
   757 | D:1      | You fall into a shaft and drop 1 floor!
   780 | D:2      | 780 ||| INVOKING Berserk.
   817 | D:2      | 817 ||| Stepping ~*~*~tactically~*~*~ (stealth).
   824 | D:2      | 824 ||| Stepping ~*~*~tactically~*~*~ (stealth).
   837 | D:2      | 837 ||| Stepping ~*~*~tactically~*~*~ (stealth).
   840 | D:2      | 840 ||| Stepping ~*~*~tactically~*~*~ (stealth).
   971 | D:2      | 971 ||| INVOKING Berserk.
  1045 | D:2      | Found a faded altar of an unknown god.
  1049 | D:2      | 1049 ||| UPGRADING to +0 scale mail.
  1059 | D:2      | 1059 ||| DROPPING +0 animal skin.
  1060 | D:2      | 1060 ||| READING scroll labelled ZIHUNI FYTA.
  1061 | D:2      | 1061 ||| READING 2 scrolls labelled RUETOCV PELIDDUARA.
  1065 | D:2      | 1065 ||| READING scroll labelled PUNIRI XIAF.
  1066 | D:2      | 1066 ||| READING scroll labelled WAEBAH DUGECI.
  1067 | D:2      | 1067 ||| READING scroll labelled MUWNEO VAPO.
  1179 | D:2      | 1179 ||| READING scroll labelled QEM HIXTOG.
  1180 | D:2      | 1180 ||| READING scroll labelled JOYPPA XUACAM.
  1181 | D:2      | 1181 ||| DRINKING 2 yellow potions.
  1182 | D:2      | 1182 ||| READING scroll of teleportation.
  1235 | D:1      | 1235 ||| Stepping ~*~*~tactically~*~*~ (stealth).
  1237 | D:1      | 1237 ||| Stepping ~*~*~tactically~*~*~ (hiding).
  1254 | D:1      | 1254 ||| Stepping ~*~*~tactically~*~*~ (stealth).
  1551 | D:1      | 1551 ||| UPGRADING to scarf of resistance.
  1556 | D:1      | 1556 ||| UPGRADING to ring of protection from fire.
  1557 | D:1      | 1557 ||| UPGRADING to ring of resist corrosion.
  1558 | D:1      | 1558 ||| READING scroll labelled GIBLOI WICWUOPS.
  1643 | D:2      | Found Gilyn's Magic Scroll Shoppe.
  1648 | D:2      | 1648 ||| BUYING 3 scrolls of identify (66 gold).
  1648 | D:2      | Bought 3 scrolls of identify for 66 gold pieces
  1648 | D:2      | 1648 ||| BUYING scroll of identify (22 gold).
  1648 | D:2      | Bought a scroll of identify for 22 gold pieces
  1648 | D:2      | 1648 ||| SHOPLISTING scroll of identify (22 gold, have 16).
  1648 | D:2      | 1648 ||| SHOPLISTING scroll of teleportation (33 gold, have
                  | 16).
  1724 | D:2      | Reached skill level 6 in Axes
  1724 | D:2      | Reached XP level 4. HP: 39/39 MP: 3/3
  1902 | D:2      | 1902 ||| READING 5 scrolls of identify.
  1902 | D:2      | 1902 ||| IDENTIFYING white potion
  1903 | D:2      | 1903 ||| READING 4 scrolls of identify.
  1903 | D:2      | 1903 ||| IDENTIFYING sedimented amethyst potion
  1904 | D:2      | 1904 ||| READING 3 scrolls of identify.
  1904 | D:2      | 1904 ||| IDENTIFYING bubbling clear potion
  1905 | D:2      | 1905 ||| DROPPING potion of lignification.
  1906 | D:2      | 1906 ||| DROPPING potion of attraction.
  1916 | D:3      | Found a basalt altar of Yredelemnul.
  2024 | D:3      | 2024 ||| READING scroll of enchant weapon.
  2024 | D:3      | 2024 ||| ENCHANTING +1 hand axe.
  2069 | D:3      | Noticed Terence
  2074 | D:3      | 2074 ||| INVOKING Berserk.
  2082 | D:3      | Killed Terence
  2163 | D:3      | 2163 ||| DROPPING +0 club.
  2199 | D:3      | Found a runed translucent door.
  2200 | D:3      | Noticed Crazy Yiuf
  2268 | D:3      | 2268 ||| DROPPING +0 mace.
  2388 | D:3      | Found a stormy altar of Qazlal.
  2437 | D:3      | Found Hoesit's Assorted Antiques.
  2469 | D:3      | 2469 ||| DROPPING +1 whip of venom.
  2488 | D:3      | 2488 ||| Stepping ~*~*~tactically~*~*~ (stealth).
  2493 | D:3      | Reached XP level 5. HP: 44/45 MP: 4/4
  2496 | D:3      | Reached skill level 7 in Axes
  2694 | D:4      | Noticed an orc warrior
  2695 | D:4      | 2695 ||| Stepping ~*~*~tactically~*~*~ (stealth).
  2700 | D:4      | 2700 ||| INVOKING Berserk.
  2707 | D:4      | Killed an orc warrior
  2915 | D:4      | Reached *** piety under Trog
  2925 | D:4      | Noticed a wyvern
  2932 | D:4      | 2932 ||| INVOKING Berserk.
  2934 | D:4      | Killed a wyvern
  2935 | D:4      | Reached skill level 8 in Axes
  2935 | D:4      | Reached XP level 6. HP: 38/56 MP: 5/5
  2939 | D:4      | HP: 15/84 [orc priest/nerve-wracking pain (11)]
  2941 | D:4      | HP: 2/84 [orc priest/divine providence (14)]
  2947 | D:4      | HP: 1/56 [adder (1)]
  2948 | D:4      | Succumbed to an adder's poison

Levels and vault maps discovered:
D:1:      ncdulo_lavacross, layout_loops_ring, minmay_circled_x
D:2:      layout_basic, ebering_ecumenical_altar_sacrificial, serial_shops,
          nicolae_shop_hallway_plus
D:3:      layout_loops_ring, overflow_temple_1_default,
          mainiacjoe_overflow_small_starburst, serial_shops, nicolae_shop_trees,
          uniq_crazy_yiuf_cottage, uniq_terence
D:4:      layout_rooms, fedhas_altar_3, minmay_temple_entry_statues,
          kennysheep_flooded_box, minmay_vboxes

Skill      XL: |  1  2  3  4  5 |
---------------+----------------+-----
Axes           | 4 5 6 8 |  8.2
Fighting       | 5 |  5.2
Armour         | |  2.4
Dodging        | |  2.1

Action                   |  1- 3 |  4- 6 || total
-------------------------+-------+-------++-------
Melee: Hand axe          |    92 |    69 ||   161
       Headbutt          |    18 |     9 ||    27
Throw: Boomerang         |     3 |    42 ||    45
Invok: Berserk           |     2 |     3 ||     5
  Use: Scroll            |     9 |     4 ||    13
       Potion            |     1 |       ||     1
Armor: Animal skin       |    12 |       ||    12
       Scale mail        |     2 |     9 ||    11
Dodge: Dodged            |    44 |    25 ||    69

Table legend:
 A = Non-vault XP
 B = Vault XP
 C = Vault XP percentage of total XP
 D = Non-vault monster count
 E = Vault monster count
 F = Vault count percentage of total count
                 A         B        C        D         E       F
            +---------+---------+-------+---------+---------+-------
      Total |     554 |      52 |   8.6 |      84 |       7 |   7.7
            +---------+---------+-------+---------+---------+-------
        D:1 |      50 |      11 |  18.0 |      30 |       4 |  11.8
        D:2 |      39 |       0 |   0.0 |      18 |       0 |   0.0
        D:3 |      65 |      38 |  36.9 |      23 |       1 |   4.2
        D:4 |     400 |       3 |   0.7 |      13 |       2 |  13.3
            +---------+---------+-------+---------+---------+-------
